Cogmind - Beta 15 @@@ ROGUE MODE // 2025.08.05 @ 23:43:52 Player: Infomantis Result: Smashed by cave-in Performance ------------- Evolutions (5) 2500 Regions Visited (8) 1600 Robots Destroyed (79) 395 Value Destroyed (3041) 3041 Prototype IDs (26) 520 Alien Tech Used (1) 200 Bonus (2071) 2071 TOTAL SCORE: 10327 Bonus ------- Follower Combat Kills 299 Registered with UFD 300 Met Optimus in HQ 500 Met Warlord at Base 500 MAIN.C Attacked Warlord 500 Warlord Defense Kills 100 Friendly Fire -128 Cogmind --------- Core Integrity 0/1000 Matter 264/300 Energy 551/565 System Corruption 10% Temperature Warm (110) Movement Walking (116) Location -4/Proximity Caves Parts ------- > --- POWER (2) -------- Neutrino Core Cooled Fission Core > --- PROPULSION (5) --- Flexi-carbon Leg Flexi-carbon Leg Flexi-carbon Leg Flexi-carbon Leg Enhanced Biometal Leg > --- UTILITY (9) ------ Advanced Heat Sink Large Storage Unit Experimental Sensor Array Seismic Detector Hardened Heavy Armor Plating Improved Medium Armor Plating > --- WEAPON (2) ------- Heavy Phase Cannon Companion Sword > --- INVENTORY (15) --- Enhanced Biometal Leg Enhanced Biometal Leg Compact Battery (200) Matter Compressor (250) Surveybot 17 Chip Experimental Core Analyzer Transmission Jammer Improved Weapon Shielding Improved Proton Missile Launcher Heavy Missile Launcher Improved Remote Datajack CPS Tube (2) RU-N14's Throwing Claymores v3 (5) Ionic Axe Peak State ------------ > --- POWER ------------ Neutrino Core Cooled Fission Core > --- PROPULSION ------- Flexi-carbon Leg Flexi-carbon Leg Flexi-carbon Leg Flexi-carbon Leg Enhanced Biometal Leg > --- UTILITY ---------- Advanced Heat Sink Large Storage Unit Experimental Sensor Array Seismic Detector Melee Analysis Suite Improved Melee Analysis Suite Hardened Heavy Armor Plating Improved Medium Armor Plating > --- WEAPON ----------- Heavy Phase Cannon Companion Sword > --- INVENTORY -------- Enhanced Biometal Leg Enhanced Biometal Leg Compact Battery Matter Compressor Surveybot 17 Chip Experimental Core Analyzer Transmission Jammer Improved Weapon Shielding Improved Proton Missile Launcher Heavy Missile Launcher Improved Remote Datajack CPS Tube RU-N14's Throwing Claymores v3 Ionic Axe [Rating: 97] Favorites ----------- Power Ion Engine Engine Ion Engine Power Core Neutrino Core Reactor Light Antimatter Reactor Propulsion Light Treads Treads Light Treads Leg Carbon-fiber Leg Wheel Wheel Hover Unit Gyrokinetic Inverter Flight Unit VTOL Module Utility Melee Analysis Suite Device Seismic Detector Storage Large Storage Unit Processor Melee Analysis Suite Hackware Makeshift Hacking Suite Protection Improved Weapon Shielding Weapon Companion Sword Energy Gun Medium Laser Energy Cannon Heavy Phase Cannon Ballistic Gun Assault Rifle Launcher Improved Proton Missile Launcher Special Weapon Mining Laser Slashing Weapon Companion Sword Piercing Weapon Plasma Lance Build | -11 -10 -10 -7 -5 -5 -5 -5 -4 ------- Run | Yrd Mat Sub Scr Fac Upp Upp War Pro Slots Evolved 10 | . . . . 10 . . . . Power 1 | . . . . 1 . . . . Propulsion 2 | . . . . 2 . . . . Utility 7 | . . . . 7 . . . . Weapon . | . . . . . . . . . Parts Attached 151 | 7 9 2 15 62 12 8 35 1 Power 23 | 1 1 . 4 8 3 . 6 . Engine 7 | 1 1 . 3 2 . . . . Core 14 | . . . 1 6 3 . 4 . Reactor 2 | . . . . . . . 2 . Propulsion 49 | 2 . 1 6 18 3 3 16 . Treads 2 | 2 . . . . . . . . Leg 33 | . . . 2 11 3 1 16 . Wheel 6 | . . 1 3 . . 2 . . Hover 6 | . . . . 6 . . . . Flight 2 | . . . 1 1 . . . . Utility 61 | 2 3 . 3 31 6 5 10 1 Device 26 | 1 1 . . 13 5 1 4 1 Storage 8 | 1 2 . 2 2 1 . . . Processor 11 | . . . . 7 . 2 2 . Hackware 4 | . . . . 3 . 1 . . Protection 12 | . . . 1 6 . 1 4 . Artifact . | . . . . . . . . . Weapon 18 | 2 5 1 2 5 . . 3 . Energy Gun 5 | . 3 1 . . . . 1 . Energy Cannon 1 | . . . . 1 . . . . Ballistic Gun 4 | 2 1 . 1 . . . . . Ballistic Cannon . | . . . . . . . . . Launcher 2 | . . . . 2 . . . . Special Weapon 3 | . 1 . . 1 . . 1 . Impact Weapon . | . . . . . . . . . Slashing Weapon 2 | . . . 1 1 . . . . Piercing Weapon 1 | . . . . . . . 1 . Special Melee Weapon . | . . . . . . . . . Unidentified Prototypes 11 | . . . 1 2 1 . 7 . Corrupted Parts 2 | . . . . 1 . . 1 . System Corruption 15 | . . . . 10 . . 5 . Parts Lost 51 | . . 2 . 21 6 8 12 2 Power 11 | . . . . 4 2 2 3 . Propulsion 18 | . . 1 . 7 2 4 4 . Utility 21 | . . . . 10 2 2 5 2 Weapon 1 | . . 1 . . . . . . Highest Loss Streak 8 | . . 1 . 4 2 5 8 2 To Critical Strikes 1 | . . . . 1 . . . . Average Backups 12 | 4 9 10 12 14 14 14 14 14 Power . | . 1 1 . . . 1 . . Propulsion . | . 1 1 . . . . . 2 Utility 7 | 1 4 5 8 9 7 7 7 6 Weapon 3 | 1 3 3 2 2 4 3 4 4 Tool/Special . | . . . . . . . . . Unused Backups 24 | 1 . . 10 4 . . 2 7 Power 3 | . . . 1 1 . . 1 . Propulsion 3 | . . . 2 . . . . 1 Utility 10 | . . . 3 2 . . 1 4 Weapon 6 | 1 . . 3 1 . . . 1 Tool/Special 2 | . . . 1 . . . . 1 Average Slot Usage (%) 85 | . 99 97 78 80 91 75 87 88 Engine 6 | . 13 14 9 3 . . 3 . Core 4 | . . . 4 4 10 4 4 11 Treads 7 | . 27 20 8 . . . . . Leg 9 | . . . 1 13 24 15 17 27 Wheel 5 | . . 5 13 . . 3 6 . Device 12 | . 14 14 7 13 24 16 11 12 Storage 10 | . 14 14 13 5 5 10 11 6 Processor 5 | . . . . 10 12 11 14 11 Hackware 1 | . . . . 4 . 1 . . Protection 5 | . . . 5 8 5 3 7 12 Energy Gun 4 | . 12 22 3 . . . . . Ballistic Gun 2 | . 15 4 . . . . . . Slashing Weapon 5 | . . . 10 5 5 5 5 5 Peak Build Rating 97 | 8 8 10 27 81 80 78 91 97 Average Rating 37 | 6 7 8 15 60 74 52 65 92 On Entrance 36 | . 7 8 8 26 71 74 48 88 Naked Turns . | . . . . . . . . . Heaviest Build 92 | 14 20 22 52 64 62 61 83 92 Greatest Support 115 | 40 40 40 35 78 98 90 115 110 Greatest Overweight (x) 8 | . . 1 1 8 . 4 3 . Average Overweight (x) . | . . . . . . . 1 . Largest Inventory Capacity 20 | 8 10 10 20 20 15 15 15 15 Average Capacity 13 | 7 9 10 15 15 15 15 15 15 Most Carried 20 | 8 10 10 20 18 15 15 15 15 Average Carried 12 | 4 9 10 12 14 14 14 14 14 Final Capacity 20 | 8 10 10 20 15 15 15 15 15 Final Carried 20 | 7 10 10 20 15 14 15 15 14 Class Distribution -------------------- 54% | Mutant 36% | Scavenger-Mutant 5% | Derelict-Mutant Dominant Class ---------------- Mutant | -10/Materials Mutant | -10/Subcaves Mutant | -7/Scraptown Scavenger-Mutant | -5/Factory Scavenger-Mutant | -5/Upper Caves Scavenger-Mutant | -5/Upper Caves Scavenger-Mutant | -5/Warlord Scavenger-Mutant | -4/Proximity Caves Resources | -11 -10 -10 -7 -5 -5 -5 -5 -4 ----------- Run | Yrd Mat Sub Scr Fac Upp Upp War Pro Matter Collected 3401 | 340 312 59 110 1314 182 221 863 . Remotely . | . . . . . . . . . Salvage Created 3879 | 135 560 127 . 2266 295 423 73 . Parts 196 | 13 31 4 . 120 12 12 4 . Haulers Intercepted 5 | . 2 . . 3 . . . . Recyclers Shooed 1 | . . . . 1 . . . . Parts Field Recycled . | . . . . . . . . . Retrieved Matter . | . . . . . . . . . Parts Self-Destructed 15 | . . 3 . . 6 6 . . Prevented 3 | . . . . . . 3 . . Kills | -11 -10 -10 -7 -5 -5 -5 -5 -4 ------- Run | Yrd Mat Sub Scr Fac Upp Upp War Pro Combat Hostiles Destroyed 59 | . 11 3 . 34 4 6 1 . Melee 39 | . . . . 30 4 4 1 . Guns 14 | . 11 3 . . . . . . AOE 3 | . . . . 2 . 1 . . Classes Destroyed 17 | 2 5 2 . 5 1 1 1 . Worker 4 | . . . . 4 . . . . Builder 3 | . . . . 3 . . . . Tunneler 4 | 4 . . . . . . . . Hauler 5 | . 2 . . 3 . . . . Recycler 1 | 1 . . . . . . . . Operator 1 | . 1 . . . . . . . Watcher 1 | . 1 . . . . . . . Swarmer 11 | . 1 . . 9 . 1 . . Grunt 25 | . 10 1 . 10 . 3 1 . Brawler 1 | . . . . . . 1 . . Duelist 1 | . . . . 1 . . . . Sentry 6 | . . 1 . 3 1 1 . . Hunter 2 | . . . . 1 1 . . . Programmer 11 | . . . . 10 1 . . . Subdweller 1 | . . 1 . . . . . . Decomposer 1 | . . . . . . 1 . . Samaritan 1 | . . . . . 1 . . . Surgeon 1 | . . . . . . . 1 . Thug 1 | . . . . . 1 . . . Best Kill Streak 7 | 4 2 2 . 7 1 3 1 . Combat Bots Only 5 | . 2 2 . 5 1 3 1 . Max Kills in Single Turn 3 | 1 1 1 . 3 1 1 1 . Gunslinging . | . . . . . . . . . Exploded 1 | . . . . 1 . 1 . . Melee 2 | . . . . 2 1 1 1 . Uniques/NPCs Destroyed . | . . . . . . . . . Combat | -11 -10 -10 -7 -5 -5 -5 -5 -4 -------- Run | Yrd Mat Sub Scr Fac Upp Upp War Pro Hostile Shots Fired 517 | . 57 36 . 271 45 23 85 . Missed 169 | . 15 10 . 77 20 6 41 . Hits 348 | . 42 26 . 194 25 17 44 . Melee 2 | . . . . . . . 2 . Projectile 346 | . 42 26 . 194 25 17 42 . AOE 12 | . . . . . . . 12 . Critical Strikes 18 | . . . . 13 2 1 2 . Part Disruptions 1 | . . . . . 1 . . . Damage Taken 8105 | . 496 425 . 4071 580 395 1753 385 Core 1262 | . 91 104 . 584 71 50 278 84 Absorbed by Shields 377 | . . . . . . 144 233 . Redirected to Shielding 92 | . . . . 45 8 39 . . Ignored by Resistances 98 | . . . . 98 . . . . Regen/Repaired (Parts) 471 | . 101 . . 3 . . 367 . Core Remaining (%) 61 | 100 . . 22 . . . . . Volleys Fired 173 | 18 70 15 . 20 . 7 31 12 Largest 2 | 2 2 2 . 1 . 1 1 1 Hottest 110 | 40 100 110 . 90 . 43 43 90 Shots Fired 260 | 36 129 27 . 18 . 7 31 12 Gun 181 | 36 118 27 . . . . . . Cannon 14 | . . . . 2 . . . 12 Launcher 29 | . . . . 13 . 7 9 . Special 36 | . 11 . . 3 . . 22 . Kinetic 102 | 36 60 6 . . . . . . Thermal 89 | . 54 21 . 2 . . . 12 Explosive 2 | . . . . 2 . . . . Electromagnetic 42 | . 15 . . 11 . 7 9 . Robot Hit Streak 16 | 7 12 16 . 3 . 2 11 . Robot Miss Streak 5 | 5 5 1 . 3 . 2 1 . Penetration Max . | . . . . . . . . . Secondary Targets 1 | . 1 . . . . . . . Max Gunslinging Chain 1 | . 1 . . . . . . . Shots Hit Robots 290 | 21 75 23 . 108 18 14 31 . Core Hits 125 | 8 30 6 . 60 7 7 7 . Critical Kills . | . . . . . . . . . Critical Parts Destroyed 2 | 1 1 . . . . . . . Critical Strikes 7 | 1 4 2 . . . . . . Burn 5 | . 3 2 . . . . . . Destroy 2 | 1 1 . . . . . . . Melee Attacks 200 | . . . . 142 28 17 13 . Impact . | . . . . . . . . . Slashing 200 | . . . . 142 28 17 13 . Piercing . | . . . . . . . . . Sneak Attacks 9 | . . . . 7 2 . . . Combat Hostiles 3 | . . . . 2 1 . . . Follow-up Attacks 4 | . . . . 2 . 1 1 . Damage Inflicted 9073 | 229 1052 321 . 5289 904 761 517 . Guns 1520 | 219 980 321 . . . . . . Cannons . | . . . . . . . . . Explosions 1143 | . . . . 713 . 309 121 . Melee 6324 | . . . . 4572 904 452 396 . Ramming 38 | 10 24 . . 4 . . . . Kinetic 734 | 219 443 72 . . . . . . Thermal 745 | . 450 249 . . . 46 . . Explosive 50 | . . . . 50 . . . . Electromagnetic 1182 | . 135 . . 663 . 263 121 . Impact . | . . . . . . . . . Slashing 6324 | . . . . 4572 904 452 396 . Piercing . | . . . . . . . . . Highest Corruption 34 | . . . . 28 29 29 34 2 Average Corruption 15 | . . . . 10 28 29 3 2 Corruption Purged . | . . . . . . . . . Corruption Blocked . | . . . . . . . . . Effects 146 | . . . . 60 48 28 6 4 Message Errors 40 | . . . . 18 12 6 2 2 Matter Fused 37 | . . . . 20 9 7 . 1 Heat Flow Errors 17 | . . . . 7 6 3 . 1 Energy Discharges 17 | . . . . 4 6 4 3 . Parts Rejected 3 | . . . . 1 2 . . . Data Loss (minor) 16 | . . . . 3 9 4 . . Data Loss (major) 7 | . . . . 2 2 3 . . Alerts 5 | . . . . 2 2 . 1 . Misdirections 2 | . . . . 1 . 1 . . Weapon Failures 2 | . . . . 2 . . . . Overload Shots . | . . . . . . . . . Overflow Damage 528 | . . . . 340 105 82 1 . Projectiles . | . . . . . . . . . Explosions 49 | . . . . 23 . 26 . . Melee 479 | . . . . 317 105 56 1 . Knockbacks . | . . . . . . . . . Impact . | . . . . . . . . . Kinetic . | . . . . . . . . . Secondary . | . . . . . . . . . Self-Inflicted Damage 297 | . . . . 18 . 171 108 . Shots 16 | . . . . 1 . 6 9 . Rammed 10 | 3 7 . . . . . . . Targets Rammed 11 | 3 7 . . 1 . . . . Kicked 1 | . . . . 1 . . . . Crushed . | . . . . . . . . . Highest Temperature 295 | . 189 5 . 209 260 259 295 266 Average Temperature 66 | . 41 2 . 77 110 102 147 132 Received Heat Transfer 1091 | . 258 135 . 423 72 74 129 . Siege Activations . | . . . . . . . . . Martial Activations . | . . . . . . . . . Shielding Activations . | . . . . . . . . . Robots Disrupted 3 | . . . . 1 1 . 1 . Combat Hostiles 3 | . . . . 1 1 . 1 . Robots Corrupted 4 | . . . . 2 . 1 1 . Combat Hostiles 3 | . . . . 2 . 1 . . Parts Fried 4 | . . . . 3 . . 1 . Impact Corruptions . | . . . . . . . . . Robots Melted . | . . . . . . . . . Combat Hostiles . | . . . . . . . . . Parts Melted 2 | . . 2 . . . . . . Heat Transferred 2273 | . 1506 717 . . . 50 . . Parts Sabotaged . | . . . . . . . . . Parts Stolen . | . . . . . . . . . Parts Stripped . | . . . . . . . . . Power Chain Reactions 4 | . . . . 1 . 2 1 . Alert | -11 -10 -10 -7 -5 -5 -5 -5 -4 ------- Run | Yrd Mat Sub Scr Fac Upp Upp War Pro Maximum Alert Level 2 | . . . . 2 . . . . Low Security (%) 90 | 100 100 . . 82 . . . . Level 1 8 | . . . . 15 . . . . Level 2 1 | . . . . 2 . . . . Level 3 . | . . . . . . . . . Level 4 . | . . . . . . . . . Level 5 . | . . . . . . . . . High Security . | . . . . . . . . . Max Security . | . . . . . . . . . Peak Influence 412 | 15 101 . . 412 . . . . Initial . | . . . . . . . . . Average 58 | 1 22 . . 91 . . . . Influence Increases 2110 | 25 395 40 . 1062 120 160 308 . Destroy 0b10 Robot/C 1340 | . 220 40 . 680 80 120 200 . Destroy 0b10 Robot/NC 110 | 25 20 . . 55 5 . 5 . Destroy Leader 234 | . 66 . . 138 20 10 . . Allied During Kill 73 | . . . . . . . 73 . Successful Hack 10 | . 2 . . 8 . . . . Select Force Hacks 30 | . 30 . . . . . . . Disable Machine 90 | . . . . 90 . . . . Destroy Structure 58 | . 12 . . 46 . . . . Partial Spotted 15 | . 15 . . . . . . . Lose Combat Pursuer 150 | . 30 . . 45 15 30 30 . Influence Decreases 2110 | 25 375 60 . 650 532 160 308 . Entered New Map 163 | . . 10 . . 153 . . . Time Decay 1502 | 25 375 50 . 470 349 115 118 . Lost Part 365 | . . . . 180 30 45 110 . Lost Ally 80 | . . . . . . . 80 . Squads Dispatched 15 | . 4 . . 11 . . . . Investigation 6 | . 2 . . 4 . . . . Extermination 5 | . . . . 5 . . . . Reinforcement 4 | . 2 . . 2 . . . . Assault . | . . . . . . . . . Garrison . | . . . . . . . . . Intercept . | . . . . . . . . . Searches Triggered . | . . . . . . . . . Construction Impeded 1 | . . . . 1 . . . . Haulers Reinforced 1 | . . . . 1 . . . . Active Scanning Responses . | . . . . . . . . . Cargo Convoy Interrupts . | . . . . . . . . . Stealth | -11 -10 -10 -7 -5 -5 -5 -5 -4 --------- Run | Yrd Mat Sub Scr Fac Upp Upp War Pro Distress Signals 3 | . 2 . . 1 . . . . Communications Jammed . | . . . . . . . . . Distress Signals . | . . . . . . . . . Times Spotted 143 | . 24 4 . 43 5 8 59 . Peak Tracking Total 11 | . 5 2 . 9 1 3 11 . Tactical Retreats 7 | . 1 . . 2 1 2 1 . Traps | -11 -10 -10 -7 -5 -5 -5 -5 -4 ------- Run | Yrd Mat Sub Scr Fac Upp Upp War Pro Traps Triggered 8 | . 2 . . 4 1 . 1 . Indirectly 4 | . . . . 4 . . . . Trap Hack Attempts . | . . . . . . . . . Triggered . | . . . . . . . . . Disarmed . | . . . . . . . . . Reprogrammed . | . . . . . . . . . Reused . | . . . . . . . . . Traps Extracted . | . . . . . . . . . Installed . | . . . . . . . . . Triggered . | . . . . . . . . . Machines | -11 -10 -10 -7 -5 -5 -5 -5 -4 ---------- Run | Yrd Mat Sub Scr Fac Upp Upp War Pro Machines Disabled 7 | . . . . 6 . . 1 . Max in Single Turn 1 | . . . . 1 . . 1 . Machines Repaired . | . . . . . . . . . Machines Dismantled . | . . . . . . . . . Machines Sabotaged . | . . . . . . . . . Overloaded Fab Kills . | . . . . . . . . . Hacking | -11 -10 -10 -7 -5 -5 -5 -5 -4 --------- Run | Yrd Mat Sub Scr Fac Upp Upp War Pro Machines Accessed 21 | . 6 . 3 8 . . 4 . Terminals 7 | . 4 . . 3 . . . . Fabricators . | . . . . . . . . . Repair Stations 2 | . 1 . . 1 . . . . Recycling Units 4 | . 1 . . 3 . . . . Scanalyzers . | . . . . . . . . . Garrison Access 1 | . . . . 1 . . . . Total Hacks 61 | . 14 . 24 15 . . 8 . Successful 43 | . 7 . 24 4 . . 8 . Failed 18 | . 7 . . 11 . . . . Catastrophic 4 | . . . . 4 . . . . Database Lockouts . | . . . . . . . . . Manual 14 | . 10 . . 4 . . . . Terminals 19 | . 11 . . 8 . . . . Fabricators . | . . . . . . . . . Repair Stations 4 | . 2 . . 2 . . . . Recycling Units 4 | . 1 . . 3 . . . . Scanalyzers . | . . . . . . . . . Garrison Access 2 | . . . . 2 . . . . Terminal Hacks 35 | . 1 . 24 2 . . 8 . Record 30 | . . . 23 . . . 7 . Part Schematic 1 | . . . . 1 . . . . Open Door 2 | . . . 1 . . . 1 . Registered Components 1 | . . . . 1 . . . . Zone Layout 1 | . 1 . . . . . . . Fabricator Hacks . | . . . . . . . . . Repair Station Hacks 2 | . 2 . . . . . . . Scan Component 1 | . 1 . . . . . . . Repair 1 | . 1 . . . . . . . Recycling Unit Hacks . | . . . . . . . . . Scanalyzer . | . . . . . . . . . Garrison Access Hacks . | . . . . . . . . . Unauthorized Hacks 6 | . 4 . . 2 . . . . Terminals 3 | . 3 . . . . . . . Skim 3 | . 3 . . . . . . . Fabricators . | . . . . . . . . . Repair Stations . | . . . . . . . . . Recycling Units 3 | . 1 . . 2 . . . . Tunnel 1 | . 1 . . . . . . . Fedlink 2 | . . . . 2 . . . . Scanalyzers . | . . . . . . . . . Garrison Access . | . . . . . . . . . Data Cores Recovered . | . . . . . . . . . Used . | . . . . . . . . . Hacking Detections 10 | . 5 . . 5 . . . . Full Trace Events 2 | . . . . 2 . . . . Feedback Events . | . . . . . . . . . Feedback Blocked . | . . . . . . . . . Robot Schematics Acquired . | . . . . . . . . . Robots Built . | . . . . . . . . . Authchips . | . . . . . . . . . Time . | . . . . . . . . . Total Robot Build Rating . | . . . . . . . . . Part Schematics Acquired 1 | . . . . 1 . . . . Parts Built . | . . . . . . . . . Authchips . | . . . . . . . . . Time . | . . . . . . . . . Total Part Build Rating . | . . . . . . . . . Parts Repaired 1 | . 1 . . . . . . . Time 26 | . 26 . . . . . . . Parts Recycled . | . . . . . . . . . Recycled Matter . | . . . . . . . . . Retrieved Matter . | . . . . . . . . . Retrieved Components . | . . . . . . . . . Parts Scanalyzed . | . . . . . . . . . Part Schematics Acquired . | . . . . . . . . . Parts Damaged . | . . . . . . . . . Bothacking | -11 -10 -10 -7 -5 -5 -5 -5 -4 ------------ Run | Yrd Mat Sub Scr Fac Upp Upp War Pro Used RIF Installer . | . . . . . . . . . Robots Hacked 3 | . . . . 1 . . 2 . Non-combat . | . . . . . . . . . Combat 2 | . . . . . . . 2 . Robot Hacks Applied 2 | . . . . . . . 2 . parse_system 2 | . . . . . . . 2 . Manual 1 | . . . . 1 . . . . Relay Couplers Released . | . . . . . . . . . Fabnet Peak Effective % . | . . . . . . . . . Robots Rewired 7 | . . . . . . . 7 . Allies Hacked . | . . . . . . . . . Hacks Repelled . | . . . . . . . . . Allies | -11 -10 -10 -7 -5 -5 -5 -5 -4 -------- Run | Yrd Mat Sub Scr Fac Upp Upp War Pro Total Allies 7 | . . . . . . . 7 . Largest Group 5 | . . . . . . . 5 . Highest-Rated Group 209 | . . . . . . . 209 . Highest-Rated Ally 89 | . . . . . . . 89 . Total Orders 4 | . . . . . . . 4 . STAY 2 | . . . . . . . 2 . ROAM 1 | . . . . . . . 1 . FOLLOW 1 | . . . . . . . 1 . Ally Attacks 41 | . . . . . . . 41 . Total Damage 1146 | . . . . . . . 1146 . Kills 10 | . . . . . . . 10 . Allies Corrupted . | . . . . . . . . . Allies Melted 1 | . . . . . . . 1 . Intel | -11 -10 -10 -7 -5 -5 -5 -5 -4 ------- Run | Yrd Mat Sub Scr Fac Upp Upp War Pro Active Infowar (turns) 8654 | 138 1661 489 2041 1675 1050 512 892 196 Optics 693 | . . . . 690 . . 3 . Sensors 1283 | . . . . 1076 11 . . 196 IFF 1125 | . . . . 272 853 . . . Structural 612 | . . . . . . . 612 . Seismic 6577 | 138 1661 489 2041 . 1022 512 572 142 Jamming 469 | . . . . 469 . . . . Robot Analysis Total . | . . . . . . . . . Derelict Logs Recovered 3 | . . 1 1 . 1 . . . Drone Launches . | . . . . . . . . . Drone Recoveries . | . . . . . . . . . Exploration | -11 -10 -10 -7 -5 -5 -5 -5 -4 ------------- Run | Yrd Mat Sub Scr Fac Upp Upp War Pro Turns Passed 11316 | 214 1661 489 3629 2196 1050 512 1368 197 Spaces Moved 7800 | 92 778 308 3066 1329 737 349 1005 136 Core 13 | 11 . . . 2 . . . . Treads 1265 | 81 778 133 273 . . . . . Legs 2349 | . . . 115 822 737 210 329 136 Wheels 3415 | . . 175 2425 . . 139 676 . Hover 501 | . . . . 501 . . . . Flight 257 | . . . 253 4 . . . . Fastest Speed 40 | 50 160 110 40 55 120 95 110 116 Average Speed 122 | 146 160 139 115 119 123 116 112 116 Slowest Speed 515 | 160 160 240 195 515 125 190 125 116 Overloaded Moves . | . . . . . . . . . Propulsion Burnouts . | . . . . . . . . . Robots Hopped . | . . . . . . . . . Potential Cave-ins 3 | . . . . . . . . 3 Cave-ins Triggered 1 | . . . . . . . . 1 Exploration Rate (%) 50 | 5 74 22 96 21 81 52 89 17 Regions Visited 8 Branch Regions 6 Pre-discovered Areas 10 | . 1 1 6 1 1 . . . Known Exits Taken 3 | . . . . 1 1 1 . . Unknown Exits Taken 5 | 1 1 1 1 . . . 1 . Scrap Searched 13 | . . . 6 . 4 3 . . Spaces Dug 27 | . 8 . . 4 3 . . 12 Terrain Destroyed 58 | . 9 . . 23 3 11 . 12 Melee 5 | . . . . 2 3 . . . Projectile 23 | . 9 . . 2 . . . 12 AOE 30 | . . . . 19 . 11 . . Terrain Rammed . | . . . . . . . . . Walls Destroyed . | . . . . . . . . . Machines Disabled . | . . . . . . . . . Actions | -11 -10 -10 -7 -5 -5 -5 -5 -4 --------- Run | Yrd Mat Sub Scr Fac Upp Upp War Pro Total 9052 | 134 1036 340 3164 1721 848 429 1219 161 Wait 469 | 6 152 15 19 85 59 41 82 10 Move 7791 | 91 777 307 3065 1328 736 348 1004 135 Hop . | . . . . . . . . . Pick Up 73 | 8 5 . 36 13 2 2 7 . Fast Attach 106 | 7 4 2 9 42 12 8 22 . Attach 45 | . . . 4 24 4 2 10 1 Detach 24 | . . . . 14 1 1 8 . Swap 50 | . 14 . 3 16 1 . 13 3 Drop 114 | 1 7 1 28 38 5 4 30 . Fire 173 | 18 70 15 . 20 . 7 31 12 Melee 196 | . . . . 140 28 16 12 . Ram . | . . . . . . . . . Kick 1 | . . . . 1 . . . . Crush 10 | 3 7 . . . . . . . Escape Stasis . | . . . . . . . . . Rewire . | . . . . . . . . . Trap . | . . . . . . . . . Miscellaneous . | . . . . . . . . . Route ------- -11/Scrapyard -10/Materials (discovered 3 exits: [*Mat x2] / [*Sub]) -10/Subcaves -7/Scraptown (discovered 2 exits: *Fac x2) -5/Factory (discovered 6 exits: *Fac x4 / *Upp x2) -5/Upper Caves -5/Upper Caves (discovered 2 exits: Fac / *War) -5/Warlord -4/Proximity Caves History --------- Turn | Location | Event 5 | -11/Scrapyard | Discovered new exit (range 15) 215 | -11/Scrapyard | Entered Materials 311 | -10/Materials | Build established: Mutant 823 | -10/Materials | Repaired Lgt. Treads 856 | -10/Materials | Discovered new exit (range 15) 942 | -10/Materials | Discovered new exit (range 6) 1558 | -10/Materials | Discovered new exit (range 14) 1876 | -10/Materials | Entered Subcaves 1877 | -10/Subcaves | Approached by a straggling Scientist 2122 | -10/Subcaves | Core integrity fell below 50% 2235 | -10/Subcaves | Scientist uncovered a shortcut to Scraptown 2365 | -10/Subcaves | Entered Scraptown 2521 | -7/Scraptown | Scanned Subdweller tech in exchange for log data 2525 | -7/Scraptown | Learned location of Warlord (-5) 2581 | -7/Scraptown | Visited Comm Corps 2637 | -7/Scraptown | Visited IN-MT5's Study 2673 | -7/Scraptown | Visited UFD Registry 2673 | -7/Scraptown | Registered with UFD as "Beamparser" 2727 | -7/Scraptown | Visited Cartography Club 2780 | -7/Scraptown | Visited Chapter 10 2825 | -7/Scraptown | Visited Abandonware Association 2842 | -7/Scraptown | Learned abandonware demo "SHUTEYE.EXE" 2842 | -7/Scraptown | Learned abandonware demo "REBOOT5.EXE" 2880 | -7/Scraptown | Visited Junk Repository 2938 | -7/Scraptown | Discovered new exit (range 3) 3028 | -7/Scraptown | Visited Modified Component R&D 3086 | -7/Scraptown | Visited Scrap Suit Storage 3114 | -7/Scraptown | Visited Curators Association 3322 | -7/Scraptown | Visited Infowarlord's Domain 3342 | -7/Scraptown | Visited DA-N13 Charitable Foundation 3347 | -7/Scraptown | Found DCF Scrap (27 items) 3376 | -7/Scraptown | Visited Sword Containment 3761 | -7/Scraptown | Visited Cyclists 3771 | -7/Scraptown | Entered Cyclist Reading Room 3797 | -7/Scraptown | Visited Fellowship of the Rings 3817 | -7/Scraptown | Visited Shadow of the Wyrm 4174 | -7/Scraptown | Discovered new exit (range 11) 4208 | -7/Scraptown | Guru changed UFD alias to "Steamform" 4280 | -7/Scraptown | Visited Assassins FH 4309 | -7/Scraptown | Visited Spacefarers 4498 | -7/Scraptown | Found Surveybot 17 Chip 4523 | -7/Scraptown | Learned location of Archives (-4) 4523 | -7/Scraptown | Learned 12 Factory zone layouts 4523 | -7/Scraptown | Learned 4 Recycling zone layouts 4523 | -7/Scraptown | Learned 8 Lower Caves zone layouts 4523 | -7/Scraptown | Learned 12 Lower Caves zone layouts 4523 | -7/Scraptown | Learned 12 Upper Caves zone layouts 4523 | -7/Scraptown | Learned 8 Proximity Caves zone layouts 4523 | -7/Scraptown | Learned Factory emergency access door positions 4523 | -7/Scraptown | Learned location of 3 exits from Factory 4523 | -7/Scraptown | Learned location of 3 exits from Upper Caves 4533 | -7/Scraptown | Found Deep Structural Scanner 5127 | -7/Scraptown | Found Scrap Suit 5598 | -7/Scraptown | Found Exp. Sensor Array 5896 | -7/Scraptown | Met Optimus 5896 | -7/Scraptown | Accepted into 0bPrime 5994 | -7/Scraptown | Entered Factory 5994 | -5/Factory | Evolved 10 slots: Power x1, Propulsion x2, Utility x7 5995 | -5/Factory | Identified exit to Factory 5996 | -5/Factory | Identified exit to Upper Caves 6035 | -5/Factory | Loaded intel: 8 recycling unit locations 6292 | -5/Factory | Build established: Derelict-Mutant 6650 | -5/Factory | Lost 4 parts (1p1n2u) 6745 | -5/Factory | Lost 4 parts (1p2n1u) 7319 | -5/Factory | System corruption reached 10% 7372 | -5/Factory | Lost 3 parts (1p1n1u) 7740 | -5/Factory | Core integrity fell below 50% 7893 | -5/Factory | Build established: Scavenger-Mutant 7922 | -5/Factory | Learned location of Protoforge (-2) 8190 | -5/Factory | Entered Upper Caves 8191 | -5/Upper Caves | Identified exit to Upper Caves 8210 | -5/Upper Caves | Spotted B-75 Beast 8466 | -5/Upper Caves | Attracted the attention of an 0b10 checkpoint 8632 | -5/Upper Caves | Found Alien Artifact 8632 | -5/Upper Caves | Identified Core Expander 8632 | -5/Upper Caves | Installed Core Expander, added new Propulsion slot 9240 | -5/Upper Caves | Entered another Upper Caves area 9241 | -5/Upper Caves | Identified exit to Warlord 9340 | -5/Upper Caves | Lost 5 parts (1p2n2u) 9535 | -5/Upper Caves | Attracted the attention of an 0b10 checkpoint 9601 | -5/Upper Caves | Lost 3 parts (1p2n) 9752 | -5/Upper Caves | Entered Warlord 9753 | -5/Warlord | System corruption reached 30% 9790 | -5/Warlord | System corruption cleaned by Quarantine Array 10026 | -5/Warlord | Found Prototype Special Weapon 10026 | -5/Warlord | Identified RU-N14's Throwing Claymores v3 10031 | -5/Warlord | Found RU-N14's Throwing Claymores v3 10205 | -5/Warlord | Learned Testing trap positions 10207 | -5/Warlord | Learned Testing security intel 10207 | -5/Warlord | Learned Factory fabricator intel 10207 | -5/Warlord | Learned 4 Research zone layouts 10207 | -5/Warlord | Learned 4 Research zone layouts 10207 | -5/Warlord | Learned 4 Access zone layouts 10207 | -5/Warlord | Learned 4 Testing zone layouts 10272 | -5/Warlord | Visited the Vortex Lab 10280 | -5/Warlord | Found Prototype Energy Gun 10280 | -5/Warlord | Identified Vortex Shotgun 10288 | -5/Warlord | Warlord's base attacked by MAIN.C 10540 | -5/Warlord | Rebuked by Warlord 10603 | -5/Warlord | Warlord forces counterattacked 10639 | -5/Warlord | Spotted Striker 10690 | -5/Warlord | Lost 12 allies 10704 | -5/Warlord | Spotted Striker 10721 | -5/Warlord | Spotted Striker 10735 | -5/Warlord | Spotted Striker 10750 | -5/Warlord | Spotted Executioner 10757 | -5/Warlord | Rewired Striker 10781 | -5/Warlord | Found Prototype Processor 10781 | -5/Warlord | Identified Exp. Targeting Computer 10788 | -5/Warlord | Found Corrupted Prototype Processor 10799 | -5/Warlord | Lost 11 allies 10809 | -5/Warlord | Spotted Striker 10812 | -5/Warlord | Spotted Executioner 10813 | -5/Warlord | Spotted Executioner 10837 | -5/Warlord | Core integrity fell below 20% 10861 | -5/Warlord | Lost 14 allies 10882 | -5/Warlord | Lost 8 parts (2p2n4u) 10963 | -5/Warlord | Warlord base infiltrated, sounded retreat 11093 | -5/Warlord | Spotted B-86 Titan 11094 | -5/Warlord | Spotted Striker 11094 | -5/Warlord | Spotted B-86 Titan 11097 | -5/Warlord | Spotted B-75 Beast 11099 | -5/Warlord | Discovered new exit (range 15) 11120 | -5/Warlord | Entered Proximity Caves 11127 | -4/Proximity Caves | Lost 12 allies 11317 | -4/Proximity Caves | Crushed by falling debris 11317 | -4/Proximity Caves | Smashed by cave-in Last Messages --------------- 11107_ Prototype Device crushed. 11107_ The unstable cave ceiling collapses. 11109_ Acquired 10 matter. 11110_ The unstable cave ceiling collapses. 11118_ Exp. Shock Absorption System crushed. 11119_ The unstable cave ceiling collapses. 11119_ Warlord exits level. LOCATION=UNKNOWN GOAL=ESCAPE Loading 8 Proximity Caves zones... 11176_ System corrupted: Heat flow error (+282). 11199_ HYATL U/F3UVJE%XEU0L SM#GR GVZ 11221_ #DP=6217,6JEU8EIOH,379HKS16HR/R 11274_ System corrupted: Matter fused (-6). 11317_ The unstable cave ceiling collapses. 11317_ Crushed by falling debris. 11317_ Melee Analysis Suite destroyed. 11317_ System corrupted by crushing effect (+4). 11317_ Imp. Melee Analysis Suite destroyed. 11317_ System corrupted by crushing effect (+4). Map ----- +----------------------------------------------------+ | ???????????????????????????????????######## ????? | | ???????????????????????????????????# ????? | | ???????????????????????????????????## ????? | | ????????????????????????????????????## ????? | | ???????????????????????????????????###### ????? | | ???????????????????????????????????# ????? | | ???????????????????????????????????# ????? | | ???????????????????????????????????# ### ????? | | ???????????????????????????????????# #?## ????? | | ???????????????????????????????????# ##?# ????? | | ???????????????????????????????????## ######????? | | ????????????????????????????????????# ##???????? | | ???????????????????????????????????## #???????? | | ????????????#####???????????????#### ##??????? | | #####??????## ##??????????????# ? ##?????? | | ####???# ###????????????# ##????? | | #??## ##???????????# ## ????? | | #### #???????????# ## ????? | | ## ## #???????????## ## ????? | | ?#### #????????????## ? ? ????? | | ????### ##????????????## ????? | | ??????## #?????????????# ### ????? | | ??????## ####??????????# ### ????? | | ??##### % ; ##?????????## ## ????? | | ?## ## ###; ###????????## ### ? ????? | | ## #### ##?### @ #####?#######?## ????? | | # #??### ##????####;# ### ###### ????? | | # ####?## #?????????# ????? | | ## ##?# #?????????# ????? | | ?## #?## #?????????# ## ????? | | ??# ##?###?????????########### ????? | | ??## ##??????????????????????## ????? | | ???## #??????????????????###??## ????? | | ????## #### ###???####????????## #???# ????? | | ?????###??## ##### ##???????# ##??# ????? | | ???????????# #???????# #??## ????? | | ???????????## ######### ###### ????? | | #??????????????# #? ? #?## # | | ##?????##??????# #?? #??# ## | | ##????# ####### #?? ########## ##?# ##? | | #????# #### #####???# #?## #?? | | ##???# #???# ####??## #?? | | ##??## ### #???# ######?# #?? | | # ##??# #### ##?# #???# #### #?? | | # #### ##??# #### ##### ### #?? | | # # #####???# ## #?? | | #### ###???????# #?? | | ?# #######?????????########### ### # #?? | | # ##?????????????????????????# #### #####?? | | # ???????????????????????????# #?# ##?????? | +----------------------------------------------------+ Best States ------------- Heat Dissipation 78 Energy Generation 35 Energy Capacity 765 Matter Stores 300 Matter Capacity 300 Sight Range 22 Robot Scan Range 20 Terrain Scan Density 10 Jamming Range 12 Armor Coverage 825 Resistance: EM 20 Weapon Shielding 66 Melee Speed Boost 20 Evasion (%) 82 Melee Accuracy 16 Recoil Reduction 2 Matter Filtering 50 Offensive Hacking 11 Defensive Hacking 12 Item Schematics ----------------- Nanoactuators | -5/Factory | Hacked Robot Schematics ------------------ None Fabricated ------------ Nothing Repaired ---------- Lgt. Treads | 27% | -10/Materials Alien Tech Used ----------------- Core Expander Achievements -------------- None Challenges ------------ None Game ------ Seed MassAmuletReplicator Manual? 0 Play Time 01:38:22 Cumulative 572.2 hours Start 2025.08.05 @ 13:38:00 End 2025.08.05 @ 23:43:52 Sessions 5 Manual Loads 0 Difficulty Rogue Special Mode None Game No. 326 Rogue 301 Adventurer 7 Explorer 18 Win Type - Total 46 Types 29/0/8/2/0/1/1/3/0/2 Lore% 94 Gallery% 91 Achievement% 81 Wizard Run 0 Options --------- Layout 0 ASCII 0 Keyboard 0 Movement Numpad Keybinds 0 Fullscreen 1 Font 12/Smallcaps Map View 83x54 Zoom Use 0% Tactical HUD 1 Map Filters NONE Filters NONE Steam 1 RUN: 8986b1d4-362e-48bb-ae5a-a8b739e4920f